 Dungeon Crawl Stone Soup version 0.24.0-125-gc4c63601f3 (webtiles) character file.

Game seed: 13963890477683268455, levelgen mode: deterministic

230 lepoulpe303 the Sneak (level 5, -6/24 HPs)
             Began as a Spriggan Enchanter on Mar 7, 2020.
             Killed by divine providence
             ... invoked by an orc priest
              (12 damage)
             ... on level 3 of the Dungeon.
             The game lasted 00:14:23 (3409 turns).

lepoulpe303 the Sneak (Spriggan Enchanter)          Turns: 3409, Time: 00:14:23

Health: -6/24      AC:  2    Str:  4    XL:     5   Next: 72%
Magic:  1/10       EV: 18    Int: 18    God:
Gold:   165        SH:  0    Dex: 16    Spells: 0/9 levels left

rFire    . . .     SeeInvis +   a - +1 dagger
rCold    . . .     Gourm    .   (shield restricted)
rNeg     . . .     Faith    .   b - +0 robe
rPois    .         Spirit   .   (helmet restricted)
rElec    .         Reflect  .   (no cloak)
rCorr    .         Harm     .   (gloves unavailable)
MR       .....                  (boots unavailable)
Stlth    ++++......             (no amulet)
HPRegen  0.08/turn              (no ring)
MPRegen  0.12/turn              (no ring)

@: very slightly contaminated, very quick
A: very small, unfitting armour, see invisible, herbivore, speed 3, slow
metabolism 2
a: no special abilities


You were on level 3 of the Dungeon.
You were hungry.

You visited 1 branch of the dungeon, and saw 3 of its levels.

You collected 165 gold pieces.

Inventory:

Hand Weapons
 a - a +1 dagger (weapon)
Armour
 b - a +0 robe (worn)
Wands
 m - a wand of enslavement (6)
Scrolls
 f - a scroll of magic mapping {unknown}
 g - a scroll of blinking {unknown}
 h - 3 scrolls of identify {unknown}
 j - 4 scrolls of remove curse {unknown}
 k - a scroll of enchant weapon {unknown}
Potions
 c - a potion of haste
 d - a potion of mutation {unknown}
 i - a potion of might {unknown}
 l - 2 potions of curing {unknown}
 n - a potion of heal wounds {unknown}
 o - a potion of invisibility {unknown}
 p - a potion of lignification {unknown}
Comestibles
 e - 4 rations


   Skills:
 + Level 4.5 Short Blades
 - Level 3.0 Dodging
 + Level 7.8 Stealth
 - Level 2.6 Spellcasting
 - Level 3.6 Hexes


You couldn't memorise any spells.
You knew the following spells:

 Your Spells              Type           Power        Failure   Level  Hunger
a - Ensorcelled Hibernat  Hex/Ice        #.....       12%         2    ##.....
b - Tukima's Dance        Hex            ###.....     12%         3    ###....
c - Confuse               Hex            ###.....     12%         3    ###....
v - Corona                Hex            ###....      3%          1    #......

Your spell library contained the following spells:

 Spells                   Type           Power        Failure   Level  Hunger
 Dazzling Spray           Conj/Hex       #.....       24%         3    ###....


Dungeon Overview and Level Annotations

Branches:
Dungeon (3/15)

Altars:
Okawaru
Vehumet


Innate Abilities, Weirdness & Mutations

You are very small and have problems with some larger weapons.
You are too small for most types of armour.
You have supernaturally acute eyesight. (SInv)
You are a herbivore.
You cover ground extremely quickly.
You need to consume almost no food.


Message History

* * * LOW MAGIC WARNING * * *
You now have 3/10 mp.
Aim: an orc priest, wielding a +0 flail and wearing a +0 scale mail (chance to defeat MR: 46%)
You miscast Confuse.
The light around you dims momentarily.
* * * LOW MAGIC WARNING * * *
The orc priest invokes the aid of Beogh against you.
Pain shoots through your body!
* * * LOW HITPOINT WARNING * * *
You take 9 damage, and have 9/24 hp.
MASSIVE DAMAGE!!
You now have 0/10 mp.
The orc priest calls down the wrath of Beogh upon you.
Pain shoots through your body!
* * * LOW HITPOINT WARNING * * *
You take 3 damage, and have 6/24 hp.
The orc priest invokes the aid of Beogh against you.
Beogh smites you!
Ouch! That really hurt!
You die...

###.###### ###.####.##..# #>..#
#########...###......#
##.#########.<..............###.#
#..####......###........##### #.#
..##....######...##.....# #.#
####.#########.##...#...# #..
##...#####.....##.###.... ##.
...####....######.# #...# ####
##†#####...@.# ##### ###†.#
#...### #...## #...# ##.### ##.##
###..# #.# ##### ....## #o#
#######...o ...## #.#
###.(o...o### ...# #o#
#..!####### ...# #..# #.###


You could see an orc priest.

Levels and vault maps discovered:
D:1:      dpeg_arrival_water_altar, layout_basic, st_stairs_13
D:2:      layout_basic, nicolae_overflow_crystal_walls, okawaru_trees_1,
          minmay_tetromino_o4, uniq_natasha
D:3:      layout_rooms

Notes
Turn   | Place    | Note
-------+----------+-------------------------------------------
     0 | D:1      | lepoulpe303 the Spriggan Enchanter began the quest for the
                  | Orb.
     0 | D:1      | Reached XP level 1. HP: 9/9 MP: 5/5
    17 | D:1      | Identified a +0 whip
    95 | D:1      | HP: 2/9 [hobgoblin (5)]
   776 | D:1      | Identified a +0 short sword
   887 | D:1      | Reached skill level 5 in Stealth
   887 | D:1      | Reached XP level 2. HP: 9/13 MP: 6/6
   891 | D:1      | Learned a level 2 spell: Ensorcelled Hibernation
  1166 | D:1      | Identified a +0 club
  1194 | D:1      | Found a radiant altar of Vehumet.
  1276 | D:2      | Reached skill level 2 in Short Blades
  1302 | D:2      | Noticed Natasha
  1308 | D:2      | Noticed a crimson imp
  1512 | D:2      | Found a radiant altar of Vehumet.
  1756 | D:2      | Found an iron altar of Okawaru.
  1766 | D:2      | Identified a +0 whip
  1768 | D:2      | Reached XP level 3. HP: 16/16 MP: 8/8
  1776 | D:2      | Learned a level 3 spell: Confuse
  1860 | D:2      | Killed Natasha
  1860 | D:2      | Reached skill level 6 in Stealth
  2126 | D:2      | Reached skill level 3 in Short Blades
  2154 | D:2      | Identified a +0 dagger
  2222 | D:2      | Noticed Natasha
  2239 | D:2      | Killed Natasha
  2239 | D:2      | Reached XP level 4. HP: 19/21 MP: 5/9
  2282 | D:2      | Identified a +0 dagger
  2293 | D:2      | Identified a +0 dagger
  2293 | D:2      | Identified a +0 chain mail
  2293 | D:2      | Identified a +0 shield
  2562 | D:3      | Identified a +0 halberd
  2563 | D:3      | Identified a +0 whip
  2576 | D:3      | Reached skill level 7 in Stealth
  2576 | D:3      | Reached XP level 5. HP: 24/24 MP: 7/10
  2594 | D:2      | Noticed Natasha
  2596 | D:2      | Killed Natasha
  2596 | D:2      | Reached skill level 4 in Short Blades
  2688 | D:3      | Learned a level 3 spell: Tukima's Dance
  2779 | D:3      | Identified a +0 club
  2788 | D:3      | Identified a +0 club
  2816 | D:3      | Identified a cursed -2 dagger
  2909 | D:3      | Identified a +0 club
  2911 | D:3      | Identified a +0 club
  2914 | D:3      | Identified a +0 dagger
  3120 | D:3      | Identified a +0 whip
  3121 | D:3      | Identified a +0 flail
  3121 | D:3      | Identified a +0 scale mail
  3126 | D:3      | Identified a +0 club
  3398 | D:3      | Identified a +0 club
  3398 | D:3      | Identified a +0 scale mail
  3406 | D:3      | HP: 6/24 [orc priest/nerve-wracking pain (3)]
  3409 | D:3      | Killed from afar by an orc priest

Table legend:
 A = Turns spent in this place as a percentage of turns spent in the entire game.
 B = Non-inter-level travel turns spent in this place as a percentage of non-inter-level travel turns spent in the entire game.
 C = Inter-level travel turns spent in this place as a percentage of turns spent in this place.
 D = Turns resting spent in this place as a percentage of non-inter-level travel turns spent in this place.
 E = Turns spent auto-exploring this place as a percentage of non-inter-level travel turns spent in this place.
 F = Non-inter-level travel turns spent in this place divided by the number of levels of this place that you've seen.
                   A       B       C       D       E      F
               +-------+-------+-------+-------+-------+----------------------
         Total | 100.0 | 100.0 |   4.2 |  29.1 |  43.4 | 1088.7
       Dungeon | 100.0 | 100.0 |   4.2 |  29.1 |  43.4 | 1088.7
               +-------+-------+-------+-------+-------+----------------------

Table legend:
 A = Kills in this place as a percentage of kills in entire the game.
 B = Kills by you in this place as a percentage of kills by you in the entire game.
 C = Kills by friends in this place as a percentage of kills by friends in the entire game.
 D = Other kills in this place as a percentage of other kills in the entire game.
 E = Experience gained in this place as a percentage of experience gained in the entire game.
 F = Experience gained in this place divided by the number of levels of this place that you have seen.
                   A       B       C       D       E      F
               +-------+-------+-------+-------+-------+----------------------
         Total | 100.0 | 100.0 |   N/A |   N/A | 100.0 | 109.7
       Dungeon | 100.0 | 100.0 |   N/A |   N/A | 100.0 | 109.7
               +-------+-------+-------+-------+-------+----------------------

Skill      XL: |  1  2  3  4  5 |
---------------+----------------+-----
Stealth        | 5 6 7 |  7.8
Short Blades   | 2 3 4 |  4.5
Dodging        | |  3.0
Spellcasting   | |  2.6
Hexes          | |  3.6

Action                   |  1- 3 |  4- 6 || total
-------------------------+-------+-------++-------
Melee: Dagger            |    86 |    93 ||   179
 Cast: Corona            |     1 |       ||     1
       Ensorcelled Hiber |     4 |    11 ||    15
       Confuse           |     7 |     2 ||     9
       Tukima's Dance    |       |     1 ||     1
 Stab: Sleeping          |    11 |    16 ||    27
       Confused          |     3 |     1 ||     4
       Distracted        |       |     2 ||     2
  Eat: Ration            |       |     1 ||     1
Armor: Robe              |     7 |    10 ||    17
Dodge: Dodged            |    54 |    61 ||   115

Vanquished Creatures
  Natasha (thrice) (D:2)
  A worker ant (D:2)
  4 adders
  4 gnolls (D:3)
  2 worms (D:3)
  2 leopard geckos (D:2)
  3 orcs (D:3)
  2 ball pythons (D:3)
  2 giant cockroaches (D:2)
  5 hobgoblins
  7 bats
  6 frilled lizards
  5 goblins
  7 kobolds
  6 rats
59 creatures vanquished.
